AoeStats
← ogipochi_

Nomad

510012571Analyzed
4v4 RM · 5d ago on Sep 29, 2026· 30m 48s· 8 players
Game mode
Random Map
Map size
231×231
Population
200
Speed
Normal
Resources
Standard
Victory
Conquest
Starting age
Dark Age
Ending age
Imperial Age
RankedLock teamsTeams togetherTeam positionsShared explorationLock speedFull tech treeHidden civsTurbo modeCheats
Victory
Defeat
🇯🇵 Khitans · Japan
783
+10
🇧🇷 Vietnamese · Brazil
692
+13
🇦🇷 Khmer · Argentina
679
+14
🇧🇷 Huns · Brazil
487
+22
🇺🇸 Huns · United States
700
-34
🇬🇧 Vikings · United Kingdom
635
-15
🇨🇱 Romans · Chile
590
-13
🇨🇴 Teutons · Colombia
583
-13
I DeathSinger I
23:20 Feudal Age
26:02 Stone Mining
26:02 Double-Bit Axe
26:14 Fishing Lines
30:39 Castle Age
MONSEkatish
4:07 Loom
15:06 Feudal Age
15:31 Man-at-Arms
16:20 Double-Bit Axe
20:15 Horse Collar
23:13 Wheelbarrow
25:06 Forging
27:04 Castle Age
Ka-mi-ka-ze
16:58 Feudal Age
20:29 Wheelbarrow
19:43 Double-Bit Axe
26:20 Castle Age
24:34 Man-at-Arms
26:09 Forging
25:59 Scale Mail Armor
30:15 Long Swordsman
ethangoebel8
ogipochi_
7:12 Loom
15:52 Feudal Age
16:25 Double-Bit Axe
16:31 Gold Mining
16:12 Man-at-Arms
18:19 Forging
18:30 Scale Mail Armor
20:41 Domestication
21:52 Wheelbarrow
21:06 Fishing Lines
22:49 Stone Mining
24:18 Arson
27:55 Castle Age
28:01 Long Swordsman
28:27 Gambesons
28:43 Squires
29:36 Iron Casting
29:17 Chain Mail Armor
30:09 Hand Cart
29:59 Pikeman
Lautenaius Maximus
8:58 Loom
15:22 Feudal Age
23:44 Castle Age
24:18 Stone Mining
24:19 Gold Mining
28:28 Fletching
29:32 Double-Bit Axe
30:49 Bodkin Arrow
31:16 Ballistics
31:13 Thumb Ring
Wendell, O Malakoi
2:55 Loom
15:15 Feudal Age
15:45 Fishing Lines
18:09 Town Watch
19:01 Wheelbarrow
18:11 Man-at-Arms
20:29 Gold Mining
20:29 Double-Bit Axe
20:29 Horse Collar
25:46 Bloodlines
26:20 Scale Mail Armor
26:26 Scale Barding Armor
26:15 Stone Mining
28:00 Forging
28:04 Fletching
32:32 Castle Age
Admar
4:02 Loom
16:48 Feudal Age
17:28 Double-Bit Axe
20:16 Man-at-Arms
24:08 Castle Age
25:55 Gold Mining
27:08 Fishing Lines
Connection lost

Rejoining the realm…

Still unreachable

The connection could not be restored.

Session expired

The server has moved on; the page needs a fresh start.